 Dungeon Crawl Stone Soup version 0.31-a0-202-g547052bce9 (webtiles) character file.

Game seed: 1647674811103840403

172 qw the Skirmisher (level 5, -14/29 HPs)
             Began as a Deep Elf Hunter on June 26, 2023.
             Demolished by an ogre
             ... wielding a +0 giant club
              (26 damage)
             ... on level 4 of the Dungeon.
             The game lasted 00:01:16 (2618 turns).

qw the Skirmisher (Deep Elf Hunter)                 Turns: 2618, Time: 00:01:17

Health: -14/29     AC:  5    Str: 10    XL:     5   Next: 27%
Magic:  7/7        EV: 11    Int: 14    God:
Gold:   187        SH:  0    Dex: 18    Spells: 4/4 levels left

rFire   . . .        Y - +0 shortbow
rCold   . . .        (shield currently unavailable)
rNeg    . . .        e - +0 ring mail
rPois   .            (no helmet)
rElec   .            (no cloak)
rCorr   .            (no gloves)
SInv    .            (no boots)
Will    .....        (no amulet)
Stlth   +            (no ring)
HPRegen 0.24/turn    (no ring)
MPRegen 0.10/turn

%: no passive effects
@: no status effects
A: no striking features
a: no special abilities


You were on level 4 of the Dungeon.
You visited 1 branch of the dungeon, and saw 4 of its levels.

You collected 187 gold pieces.


   Skills:
 - Level 1.5 Fighting
 + Level 8.7 Ranged Weapons
 - Level 2.4 Dodging
 - Level 1.2 Stealth


You had 4 spell levels left.
You didn't know any spells.
Your spell library was empty.

Inventory:

Hand Weapons
 Y - a +0 shortbow (weapon)
Armour
 c - a +0 pair of gloves
 e - a +0 ring mail (worn)
Jewellery
 l - an amulet of magic regeneration
Scrolls
 a - 2 scrolls of teleportation
 j - a scroll of identify
Potions
 b - a potion of ambrosia {unknown}
 d - a potion of mutation {unknown}
 f - a potion of curing
 g - a potion of heal wounds
 h - a potion of resistance {unknown}
 i - a potion of haste {unknown}
 k - a potion of degeneration {unknown}

Dungeon Overview and Level Annotations

Branches:
Dungeon (4/15)
 Temple: D:4-7

Altars:
Nemelex Xobeh

Shops:
D:3 (


Message History

Enter note: A goblin comes into view. It is wielding a +0 dagger.
The goblin shouts!
There is a stone staircase leading down here.
Enter note:
Enter note:
Enter note:
Enter note: You shoot an arrow.
The arrow barely misses the goblin.
You shoot an arrow. The arrow hits the goblin.
You kill the goblin!
An ogre comes into view. It is wielding a +0 giant club.
Enter note:
Enter note:
Enter note:
Enter note: You shoot an arrow.
The arrow hits the ogre.
The ogre is lightly wounded.
You shoot an arrow. The arrow barely misses the ogre.
You shoot an arrow. The arrow hits the ogre.
The ogre is moderately wounded.
You shoot an arrow. The arrow hits the ogre.
The ogre is heavily wounded.
You shoot an arrow.
The arrow hits the ogre but does no damage.
The ogre is heavily wounded.
The ogre hits you with a +0 giant club!!
Ouch! That really hurt!
You shoot an arrow. The arrow hits the ogre.
The ogre is severely wounded.
You shoot an arrow. The arrow closely misses the ogre.
The ogre misses you.
You shoot an arrow.
The arrow hits the ogre but does no damage.
The ogre is severely wounded.
The ogre closely misses you.
You shoot an arrow. The arrow barely misses the ogre.
The ogre hits you with a +0 giant club!!
Ouch! That really hurt!
You die...

~~P~PP~.~~~~~~ ~P~~
P~~~~~~.~~~~~~ ~~~~
~~~P~~~.~~~~7# .....
.........~~~.. ~~~~~
~~~~~~~..77... ~~~P
~~~~7~...##### ~~7
77777~....#####
77777.###.P~7#.........
#.....@........#.......
...###O########.#..####.
#. #.#..# #.
#.########.#..####.
...........#..##...
..########....#.... #..
#.......>. #..
#.#.##.... #.#.###..>


You could see an ogre.

Vanquished Creatures
  A hound (D:4)
  An iguana (D:4)
  4 adders
  3 dart slugs
  3 endoplasms
  4 giant cockroaches (D:1)
  9 goblins
  2 hobgoblins
  2 jackals (D:1)
  3 quokkas
  7 ball pythons
  8 bats
  A frilled lizard (D:3)
  7 kobolds
  27 rats
82 creatures vanquished.

Notes
Turn   | Place    | Note
-------+----------+-------------------------------------------
     0 | D:1      | qw the Deep Elf Hunter began the quest for the Orb.
     0 | D:1      | Reached XP level 1. HP: 12/12 MP: 3/3
     0 | D:1      | 0 ||| qw: Version: 0.3-a-22-g0ed2b0b
     0 | D:1      | 0 ||| qw: Game counter: 6061
     0 | D:1      | 0 ||| qw: Melee chars always use a shield: true
     0 | D:1      | 0 ||| qw: God list: Okawaru
     0 | D:1      | 0 ||| qw: Allow faded altars: false
     0 | D:1      | 0 ||| qw: Do Orc after clearing Dungeon:15 true
     0 | D:1      | 0 ||| qw: Do second Lair branch before Depths: true
     0 | D:1      | 0 ||| qw: Lair rune preference: random
     0 | D:1      | 0 ||| qw: Goals: Normal
     0 | D:1      | 0 ||| PLANNING D:1-11
    94 | D:1      | Reached skill level 6 in Ranged Weapons
    94 | D:1      | Reached XP level 2. HP: 16/16 MP: 4/4
   312 | D:1      | You fall into a shaft and drop 1 floor!
   360 | D:2      | 360 ||| READING 2 scrolls labelled RETEODWERI.
   365 | D:2      | 365 ||| READING scroll labelled UGENGO LUNLO.
   366 | D:2      | 366 ||| DRINKING 2 purple potions.
   367 | D:2      | 367 ||| DROPPING scroll of butterflies.
   368 | D:2      | 368 ||| Stepping randomly (stuck).
   369 | D:2      | 369 ||| Stepping randomly (stuck).
   370 | D:2      | 370 ||| Stepping randomly (stuck).
   371 | D:2      | 371 ||| Stepping randomly (stuck).
   372 | D:2      | 372 ||| Stepping randomly (stuck).
   373 | D:2      | 373 ||| Stepping randomly (stuck).
   374 | D:2      | 374 ||| Stepping randomly (stuck).
   375 | D:2      | 375 ||| Stepping randomly (stuck).
   376 | D:2      | 376 ||| Stepping randomly (stuck).
   377 | D:2      | 377 ||| Stepping randomly (stuck).
   378 | D:2      | 378 ||| Stepping randomly (stuck).
   379 | D:2      | 379 ||| Stepping randomly (stuck).
   380 | D:2      | 380 ||| Stepping randomly (stuck).
   381 | D:2      | 381 ||| Stepping randomly (stuck).
   382 | D:2      | 382 ||| Stepping randomly (stuck).
   383 | D:2      | 383 ||| Stepping randomly (stuck).
   384 | D:2      | 384 ||| Stepping randomly (stuck).
   385 | D:2      | 385 ||| Stepping randomly (stuck).
   386 | D:2      | 386 ||| Stepping randomly (stuck).
   387 | D:2      | 387 ||| Stepping randomly (stuck).
   388 | D:2      | 388 ||| Stepping randomly (stuck).
   389 | D:2      | 389 ||| Stepping randomly (stuck).
   390 | D:2      | 390 ||| Stepping randomly (stuck).
   391 | D:2      | 391 ||| Stepping randomly (stuck).
   392 | D:2      | 392 ||| Stepping randomly (stuck).
   393 | D:2      | 393 ||| Stepping randomly (stuck).
   394 | D:2      | 394 ||| Stepping randomly (stuck).
   395 | D:2      | 395 ||| Stepping randomly (stuck).
   396 | D:2      | 396 ||| Stepping randomly (stuck).
   397 | D:2      | 397 ||| Stepping randomly (stuck).
   398 | D:2      | 398 ||| Stepping randomly (stuck).
   399 | D:2      | 399 ||| Stepping randomly (stuck).
   400 | D:2      | 400 ||| Stepping randomly (stuck).
   401 | D:2      | 401 ||| Stepping randomly (stuck).
   402 | D:2      | 402 ||| Stepping randomly (stuck).
   403 | D:2      | 403 ||| Stepping randomly (stuck).
   404 | D:2      | 404 ||| Stepping randomly (stuck).
   405 | D:2      | 405 ||| Stepping randomly (stuck).
   406 | D:2      | 406 ||| Stepping randomly (stuck).
   407 | D:2      | 407 ||| Stepping randomly (stuck).
   408 | D:2      | 408 ||| Stepping randomly (stuck).
   409 | D:2      | 409 ||| Stepping randomly (stuck).
   410 | D:2      | 410 ||| Stepping randomly (stuck).
   411 | D:2      | 411 ||| Stepping randomly (stuck).
   412 | D:2      | 412 ||| Stepping randomly (stuck).
   413 | D:2      | 413 ||| Stepping randomly (stuck).
   414 | D:2      | 414 ||| Stepping randomly (stuck).
   415 | D:2      | 415 ||| Stepping randomly (stuck).
   416 | D:2      | 416 ||| Stepping randomly (stuck).
   417 | D:2      | 417 ||| Stepping randomly (stuck).
   454 | D:1      | Reached XP level 3. HP: 20/20 MP: 5/5
   904 | D:1      | 904 ||| READING scroll labelled UTUIFR ROEXIOMN.
   905 | D:1      | 905 ||| READING scroll labelled UTHRIR XIUMUTYA.
   906 | D:1      | 906 ||| DRINKING 2 glowing white potions.
  1178 | D:2      | Found a faded altar of an unknown god.
  1441 | D:2      | 1441 ||| READING scroll labelled AWATEMOIFIB.
  1443 | D:2      | 1443 ||| Stepping ~*~*~tactically~*~*~ (cloud).
  1444 | D:2      | 1444 ||| DRINKING 2 potions of curing.
  1444 | D:2      | 1444 ||| (to cure poison)
  1494 | D:3      | Reached skill level 7 in Ranged Weapons
  1543 | D:3      | Found Jeah's Antique Weapon Shoppe.
  1895 | D:3      | Reached XP level 4. HP: 25/25 MP: 6/6
  2058 | D:3      | HP: 6/25 [poisoned by an adder]
  2196 | D:3      | 2196 ||| UPGRADING to +0 ring mail.
  2206 | D:3      | 2206 ||| DROPPING +0 leather armour.
  2207 | D:3      | 2207 ||| READING scroll labelled EVYAROOROL.
  2278 | D:4      | Reached skill level 8 in Ranged Weapons
  2409 | D:4      | Reached XP level 5. HP: 29/29 MP: 7/7
  2515 | D:4      | Found a sparkling altar of Nemelex Xobeh.
  2609 | D:4      | Noticed an ogre
  2618 | D:4      | Demolished by an ogre

Levels and vault maps discovered:
D:1:      nicolae_arrival_memento_mori, layout_basic
D:2:      layout_loops_ring, ebering_ecumenical_altar_box,
          chequers_serial_rivers_small_b, dreamdust_wishing_well
D:3:      layout_basic, serial_shops, nicolae_shop_statue_plus, minmay_rat_hole
D:4:      layout_loops_ring, nemelex_xobeh_ov_fountains_minmay,
          serial_bayou_lagoon_b

Skill      XL: |  1  2  3  4 |
---------------+-------------+-----
Ranged Weapons | 6 7 8 |  8.7
Fighting       | |  1.5
Dodging        | |  2.4
Stealth        | |  1.2

Action                     |  1- 3 |  4- 6 || total
---------------------------+-------+-------++-------
   Fire: Shortbow          |   131 |   106 ||   237
    Use: Scroll            |     5 |     1 ||     6
         Potion            |     3 |       ||     3
 Armour: Leather armour    |    10 |     4 ||    14
         Ring mail         |       |     4 ||     4
  Dodge: Dodged            |    25 |    46 ||    71

Table legend:
 A = Non-vault XP
 B = Vault XP
 C = Vault XP percentage of total XP
 D = Non-vault monster count
 E = Vault monster count
 F = Vault count percentage of total count
                 A         B        C        D         E       F
            +---------+---------+-------+---------+---------+-------
      Total |     226 |      20 |   8.1 |      63 |      19 |  23.2
            +---------+---------+-------+---------+---------+-------
        D:1 |      47 |       0 |   0.0 |      28 |       0 |   0.0
        D:2 |      13 |       0 |   0.0 |       7 |       0 |   0.0
        D:3 |      55 |      20 |  26.7 |      18 |      19 |  51.4
        D:4 |     111 |       0 |   0.0 |      10 |       0 |   0.0
            +---------+---------+-------+---------+---------+-------
